 Dungeon Crawl Stone Soup version 0.30-a0-297-g0ec75d9ef4 (webtiles) character file.

Game seed: 7842877168994599934

38 Harunobu the Trooper (level 3, -2/33 HPs)
             Began as a Minotaur Monk on Oct 17, 2022.
             Slain by a quokka (4 damage)
             ... on level 2 of the Dungeon.
             The game lasted 00:01:31 (1230 turns).

Harunobu the Trooper (Minotaur Monk)                Turns: 1230, Time: 00:01:31

Health: -2/33      AC:  2    Str: 17    XL:     3   Next: 25%
Magic:  2/2        EV: 13    Int:  7    God:
Gold:   66         SH:  0    Dex: 12    Spells: 2/2 levels left

rFire   . . .      SeeInvis .    h - +0 whip
rCold   . . .      Faith    .    (no shield)
rNeg    . . .      Spirit   .    b - +0 robe
rPois   .          Reflect  .    (helmet restricted)
rElec   .          Harm     .    (no cloak)
rCorr   .          Rampage  .    (no gloves)
Will    .....                    (no boots)
Stlth   ++........               (no amulet)
HPRegen 0.25/turn                (no ring)
MPRegen 0.08/turn                (no ring)

@: no status effects
A: horns 2, retaliatory headbutt
a: no special abilities


You were on level 2 of the Dungeon.
You visited 1 branch of the dungeon, and saw 2 of its levels.

You collected 66 gold pieces.

Inventory:

Hand Weapons
 a - a +0 mace
 h - a +0 whip (weapon)
Armour
 b - a +0 robe (worn)
Scrolls
 d - a scroll of magic mapping {unknown}
 e - a scroll of amnesia {unknown}
 f - a scroll of poison {unknown}
 j - 5 scrolls of identify {unknown}
 k - a scroll of blinking {unknown}
Potions
 c - 2 potions of ambrosia
 g - 3 potions of haste {unknown}
 i - 2 potions of curing {unknown}


   Skills:
 + Level 4.2 Fighting
 - Level 3.6 Maces & Flails
 + Level 3.8 Dodging
 + Level 2.2 Stealth


You had 2 spell levels left.
You didn't know any spells.
Your spell library was empty.

Dungeon Overview and Level Annotations

Branches:
Dungeon (2/15)

Altars:


Innate Abilities, Weirdness & Mutations

You have a pair of horns on your head.
You reflexively headbutt those who attack you in melee.


Message History

You hit the worm.
The worm is lightly wounded.
The quokka twitches its whiskers.
The worm misses you. You furiously retaliate!
You headbutt the worm! You hit the worm.
You headbutt the worm, but do no damage.
The worm is severely wounded.
You closely miss the quokka. The quokka closely misses you.
You miss the quokka. The quokka barely misses you. The worm bites you!
You hit the quokka.
The quokka is lightly wounded.
The quokka bites you.
You hit the worm. Your headbutt misses the worm.
The worm is severely wounded.
The quokka barely misses you. The worm bites you!
You hit the worm.
The worm is almost dead.
The quokka misses you.
You hit the worm but do no damage.
You headbutt the worm, but do no damage.
The worm is almost dead.
The quokka misses you. The worm bites you!
* * * LOW HITPOINT WARNING * * *
You barely miss the worm.
The worm is almost dead.
The quokka barely misses you.
You hit the worm.
You kill the worm!
The quokka misses you.
You barely miss the quokka.
The quokka is lightly wounded.
The quokka barely misses you.
You closely miss the quokka.
The quokka is lightly wounded.
The quokka bites you.
* * * LOW HITPOINT WARNING * * *
You hit the quokka but do no damage. Your headbutt misses the quokka.
The quokka is lightly wounded.
The quokka barely misses you. The quokka bites you.
You die...

#. #.
#. #.
#. #.
#.##
#.†#
###@#
#..r#
##..#
#..<#
##..#
#..#
#..#
#..#
#..#


You could see a quokka.

Vanquished Creatures
  A worm (D:2)
  A dart slug (D:1)
  3 ball pythons (D:1)
  5 bats (D:1)
  5 endoplasms (D:1)
  3 goblins (D:1)
  3 hobgoblins (D:1)
  4 kobolds (D:1)
  A frilled lizard (D:1)
  4 rats (D:1)
30 creatures vanquished.

Notes
Turn   | Place    | Note
-------+----------+-------------------------------------------
     0 | D:1      | Harunobu the Minotaur Monk began the quest for the Orb.
     0 | D:1      | Reached XP level 1. HP: 19/19 MP: 0/0
   202 | D:1      | Reached XP level 2. HP: 27/27 MP: 1/1
   246 | D:1      | Reached skill level 4 in Fighting
   712 | D:1      | Reached XP level 3. HP: 30/33 MP: 2/2
  1230 | D:2      | Slain by a quokka

Illustrated notes

Levels and vault maps discovered:
D:1:      dpeg_arrival_circle_labyrinth_c, layout_basic
D:2:      layout_basic, shapermc_ecumenical_altar_petra, cheibrodos_gnoll_hut

Skill      XL: |  1  2 |
---------------+-------+-----
Fighting       | 4 |  4.2
Stealth        | 2 |  2.2
Maces & Flails | |  3.6
Dodging        | |  3.8

Action                   || total
-------------------------++-------
Melee: Mace              ||    25
       Headbutt          ||    13
       Whip              ||    50
       Punch             ||     1
 Stab: Sleeping          ||     2
Armor: Robe              ||    18
Dodge: Dodged            ||    58

Table legend: (Time is in decaauts)
 A = Elapsed time spent in this place.
 B = Non-inter-level travel time spent in this place.
 C = Inter-level travel time spent in this place.
 D = Time resting spent in this place.
 E = Time spent auto-exploring this place.
 F = Levels seen in this place.
 G = Mean time per level.
                   A        B        C        D        E       F      G
               +--------+--------+--------+--------+--------+-----+--------+
         Total |   1230 |   1208 |     22 |    341 |    640 |   2 |  615.0 |
       Dungeon |   1230 |   1208 |     22 |    341 |    640 |   2 |  615.0 |
               +--------+--------+--------+--------+--------+-----+--------+

Top non-repeatable levels by time:
     D:1: 1214 daAuts
     D:2: 16 daAuts
